AoeStats
← [La14]Uvita

Four Lakes

509154090Analyzed
1v1 RM · 7d ago on Sep 25, 2026· 21m 20s· 2 players
Game mode
Random Map
Map size
Tiny (2 player)
Population
200
Speed
Normal
Resources
Standard
Victory
Conquest
Starting age
Dark Age
Ending age
Imperial Age
RankedLock teamsTeams togetherTeam positionsShared explorationLock speedFull tech treeHidden civsTurbo modeCheats
Victory
Defeat
🇦🇷 Magyars · Argentina
873
+15
🇺🇸 Danes · United States
845
-15
RazorCoco1
4:25 Loom
10:26 Feudal Age
12:38 Double-Bit Axe
12:52 Man-at-Arms
20:26 Arson
[La14]Uvita
6:39 Loom
6:46 Loom
9:54 Feudal Age
10:37 Horse Collar
10:45 Double-Bit Axe
14:55 Scale Barding Armor
18:45 Fletching
22:47 Castle Age
Connection lost

Rejoining the realm…

Still unreachable

The connection could not be restored.

Session expired

The server has moved on; the page needs a fresh start.